 Dungeon Crawl Stone Soup version 0.28.0-45-g0d030f2227 (webtiles) character file.

Game seed: 17198687057010131171

23 seaoflcl the Skirmisher (level 3, -1/29 HPs)
             Began as a Human Fighter on Apr 23, 2022.
             Slain by an adder (2 damage)
             ... on level 2 of the Dungeon.
             The game lasted 00:01:13 (737 turns).

seaoflcl the Skirmisher (Human Fighter)              Turns: 737, Time: 00:01:14

Health: -1/29      AC:  6    Str: 18    XL:     3   Next: 10%
Magic:  3/3        EV:  9    Int:  8    God:
Gold:   13         SH:  4    Dex: 12    Spells: 2/2 levels left

rFire   . . .      SeeInvis .   a - +0 long sword
rCold   . . .      Faith    .   c - +0 buckler
rNeg    . . .      Spirit   .   b - +0 scale mail
rPois   +          Reflect  .   (no helmet)
rElec   .          Harm     .   (no cloak)
rCorr   .          Rampage  .   (no gloves)
Will    .....                   (no boots)
Stlth   ..........              (no amulet)
HPRegen 0.09/turn               f - ring of poison resistance
MPRegen 0.08/turn               (no ring)

@: lethally poisoned (-1 -> -4)
A: no striking features
a: no special abilities


You were on level 2 of the Dungeon.
You visited 1 branch of the dungeon, and saw 2 of its levels.

You collected 13 gold pieces.

Inventory:

Hand Weapons
 a - a +0 long sword (weapon)
Armour
 b - a +0 scale mail (worn)
 c - a +0 buckler (worn)
Magical Staves
 l - a staff of earth
Jewellery
 f - a ring of poison resistance (left hand)
 h - a ring of poison resistance
Scrolls
 e - 3 scrolls of immolation {unknown}
 g - 2 scrolls of enchant armour {unknown}
 i - a scroll of identify {unknown}
 k - a scroll of teleportation {unknown}
Potions
 d - a potion of might
 j - a potion of invisibility {unknown}
 m - a potion of heal wounds {unknown}


   Skills:
 + Level 3.4 Fighting
 + Level 2.2 Long Blades
 + Level 3.2 Armour
 + Level 3.2 Shields


You had 2 spell levels left.
You didn't know any spells.
Your spell library was empty.

Dungeon Overview and Level Annotations

Branches:
Dungeon (2/15)

Altars:


Message History

The adder bites you. The adder bites you but does no damage.
You miss the adder.
The adder is heavily wounded.
You feel sick. You block the adder's attack.
The adder bites you but does no damage. The adder barely misses you.
You barely miss the adder.
The adder is heavily wounded.
You feel sick.
You are no longer poisoned.
The adder closely misses you.
The adder bites you but does no damage. x2
Unknown command.
You hit the adder.
The adder is almost dead.
The adder misses you. The adder bites you but does no damage.
The adder barely misses you. The adder bites you.
You miss the adder.
The adder is almost dead.
The adder bites you but does no damage.
A hobgoblin comes into view.
The adder barely misses you. The adder bites you.
You barely miss the adder.
The adder is almost dead.
The adder bites you but does no damage. The adder bites you.
* * * LOW HITPOINT WARNING * * *
You are poisoned.
The adder poisons you! The adder closely misses you. The adder bites you.
* * * LOW HITPOINT WARNING * * *
A hobgoblin comes into view.
You closely miss the adder.
The adder is almost dead.
* * * LOW HITPOINT WARNING * * *
You feel sick. The adder bites you but does no damage.
The adder barely misses you. The adder bites you but does no damage.
You closely miss the adder.
The adder is severely wounded.
* * * LOW HITPOINT WARNING * * *
You feel sick. The adder bites you.
* * * LOW HITPOINT WARNING * * *
The adder bites you.
You die...

#...........######
#...........#
#...........#
#...........#
#...........#
#...........#
#...........#
#.###########
#........S@#
##########S#


.Sg ..g.. ......# .......# ........# .........# You could see 2 adders, 2
hobgoblins and a ball python.

Vanquished Creatures
  An adder (D:2)
  A dart slug (D:1)
  3 bats (D:1)
  3 endoplasms (D:1)
  A hobgoblin (D:2)
  A kobold (D:1)
  2 rats (D:1)
12 creatures vanquished.

Vanquished Creatures (others)
  3 fungi (D:1)
  A plant (D:1)
4 creatures vanquished.

Grand Total: 16 creatures vanquished

Notes
Turn   | Place    | Note
-------+----------+-------------------------------------------
     0 | D:1      | seaoflcl the Human Fighter began the quest for the Orb.
     0 | D:1      | Reached XP level 1. HP: 18/18 MP: 1/1
   169 | D:1      | Reached XP level 2. HP: 19/24 MP: 2/2
   669 | D:1      | Found a faded altar of an unknown god.
   729 | D:2      | Reached XP level 3. HP: 24/29 MP: 3/3
   737 | D:2      | HP: 1/29 [adder (2)]
   737 | D:2      | Slain by an adder

Illustrated notes

Levels and vault maps discovered:
D:1:      lightli_arrival_farm, layout_basic, shapermc_ecumenical_altar_petra
D:2:      layout_basic, uniq_robin

Action                   || total
-------------------------++-------
Melee: Long sword        ||    51
Armor: Scale mail        ||    22
Dodge: Dodged            ||    17
Block: Buckler           ||    11
